General information
- name: BNet
- type: Ladder team game (AT/RT)
- host: Battle.net
- saver: norfriend
map: UpperKingdom
- players: 6
- length: 44:46
- speed: Fast
- version: 1.27 W3XP
- replay type:

» download(310 KB)
Players
team 1 (winner)
iggy_the_fisk (
yellow | 109 APM | 4887 actions | 44:46)
5 Archmage
3 Blizzard
2 Brilliance Aura
5 Blood Mage
3 Flame Strike
2 Siphon Mana
6 Pit Lord
3 Rain of Fire
2 Cleaving Attack
1 Doom
» actions
| Assign group hotkey | 504 | |
| Basic commands | 63 | |
| Build / train | 196 | |
| Enter build submenu | 207 | |
| Enter hero's abilities submenu | 17 | |
| Give item / drop item | 4 | |
| Remove unit from queue | 1 | |
| Right click | 1840 | |
| Select / deselect | 784 | |
| Select group hotkey | 873 | |
| Use ability | 398 | |
4887 total
» units
| Peasant | 41 | |
| Dragonhawk Rider | 2 | |
43 total
» upgrades
| Masonry | 3 | |
| Lumber Harvesting | 3 | |
| Magic Sentry | 1 | |
| Sorceress Training | 2 | |
| Priest Training | 2 | |
| Swords | 2 | |
| Armor | 2 | |
15 total
» buildings
| Altar of Kings | 2 | |
| Farm | 3 | |
| Scout Tower | 220 | |
| Lumber Mill | 1 | |
| Arcane Tower | 21 | |
| Guard Tower | 85 | |
| Keep | 1 | |
| Arcane Vault | 5 | |
| Castle | 1 | |
| Arcane Sanctum | 1 | |
| Town Hall | 2 | |
| Gryphon Aviary | 1 | |
| Blacksmith | 1 | |
344 total
» build order
00:05 Altar of Kings
00:26 Farm
00:44 Scout Tower
00:45 Scout Tower
00:54 Scout Tower
00:57 Scout Tower
01:03 Farm
01:07 Lumber Mill
01:13 Scout Tower
01:14 Scout Tower
01:21 Arcane Tower
01:21 Arcane Tower
01:34 Arcane Tower
01:35 Arcane Tower
01:56 Scout Tower
02:11 Scout Tower
02:11 Arcane Tower
02:16 Arcane Tower
02:19 Scout Tower
02:30 Scout Tower
02:30 Arcane Tower
02:42 Guard Tower
02:44 Scout Tower
02:47 Scout Tower
03:03 Guard Tower
03:04 Scout Tower
03:09 Farm
03:30 Guard Tower
03:31 Scout Tower
03:32 Guard Tower
03:38 Scout Tower
03:39 Guard Tower
03:48 Arcane Tower
03:48 Guard Tower
03:49 Scout Tower
04:08 Guard Tower
04:11 Scout Tower
04:11 Scout Tower
04:15 Scout Tower
04:16 Guard Tower
04:20 Scout Tower
04:21 Scout Tower
04:46 Scout Tower
04:48 Scout Tower
04:49 Guard Tower
04:56 Keep
05:00 Guard Tower
05:08 Arcane Vault
05:23 Guard Tower
05:26 Scout Tower
05:27 Scout Tower
05:30 Guard Tower
05:31 Scout Tower
05:32 Scout Tower
05:35 Guard Tower
05:39 Scout Tower
05:40 Scout Tower
05:40 Arcane Tower
06:07 Guard Tower
06:38 Scout Tower
07:27 Guard Tower
07:28 Scout Tower
07:29 Scout Tower
07:29 Scout Tower
07:48 Guard Tower
08:06 Scout Tower
08:07 Scout Tower
08:08 Guard Tower
08:10 Scout Tower
08:10 Scout Tower
08:22 Altar of Kings
08:24 Guard Tower
08:25 Scout Tower
08:27 Scout Tower
08:57 Guard Tower
09:04 Scout Tower
09:20 Guard Tower
09:22 Scout Tower
09:23 Scout Tower
09:27 Arcane Vault
09:30 Guard Tower
09:38 Scout Tower
09:38 Scout Tower
09:42 Scout Tower
09:48 Guard Tower
09:49 Scout Tower
09:51 Scout Tower
10:00 Scout Tower
10:16 Guard Tower
10:18 Scout Tower
10:18 Scout Tower
10:19 Scout Tower
10:39 Guard Tower
10:51 Guard Tower
10:52 Scout Tower
10:55 Guard Tower
11:00 Scout Tower
11:46 Guard Tower
11:52 Scout Tower
11:55 Scout Tower
11:56 Scout Tower
12:03 Castle
12:04 Guard Tower
12:05 Scout Tower
12:10 Arcane Sanctum
12:25 Guard Tower
12:28 Scout Tower
12:37 Guard Tower
12:40 Scout Tower
12:41 Scout Tower
13:09 Guard Tower
13:10 Scout Tower
13:28 Scout Tower
13:39 Town Hall
13:44 Arcane Tower
13:48 Scout Tower
13:49 Scout Tower
13:52 Scout Tower
13:53 Scout Tower
13:56 Guard Tower
13:59 Arcane Vault
14:03 Guard Tower
14:11 Scout Tower
14:13 Scout Tower
14:17 Guard Tower
14:54 Scout Tower
14:56 Guard Tower
14:57 Scout Tower
14:59 Scout Tower
15:00 Scout Tower
15:00 Scout Tower
15:01 Scout Tower
15:03 Scout Tower
15:05 Guard Tower
15:10 Scout Tower
15:42 Guard Tower
15:51 Guard Tower
15:56 Scout Tower
15:59 Scout Tower
16:28 Guard Tower
16:30 Scout Tower
16:30 Scout Tower
16:31 Scout Tower
16:34 Guard Tower
16:40 Scout Tower
16:41 Scout Tower
16:46 Scout Tower
17:25 Guard Tower
17:27 Scout Tower
17:31 Arcane Tower
17:32 Guard Tower
17:45 Guard Tower
17:49 Scout Tower
17:50 Scout Tower
18:01 Guard Tower
18:04 Scout Tower
18:05 Scout Tower
18:18 Guard Tower
18:20 Scout Tower
18:22 Scout Tower
18:22 Scout Tower
18:23 Scout Tower
18:25 Arcane Vault
18:28 Scout Tower
18:28 Scout Tower
18:29 Scout Tower
18:30 Scout Tower
18:45 Arcane Tower
18:52 Arcane Vault
18:53 Scout Tower
18:54 Scout Tower
18:59 Guard Tower
19:06 Scout Tower
19:09 Scout Tower
19:20 Guard Tower
19:21 Scout Tower
19:29 Scout Tower
19:31 Scout Tower
21:42 Guard Tower
21:46 Scout Tower
21:47 Scout Tower
21:48 Scout Tower
21:48 Scout Tower
21:50 Guard Tower
21:53 Scout Tower
21:57 Scout Tower
21:59 Scout Tower
22:00 Scout Tower
22:21 Guard Tower
22:26 Scout Tower
22:27 Scout Tower
22:28 Scout Tower
22:34 Arcane Tower
22:37 Scout Tower
22:38 Scout Tower
22:40 Guard Tower
22:48 Scout Tower
22:49 Scout Tower
22:56 Scout Tower
23:05 Scout Tower
23:07 Scout Tower
23:37 Arcane Tower
23:46 Scout Tower
23:46 Scout Tower
23:52 Guard Tower
23:55 Scout Tower
23:56 Scout Tower
23:56 Scout Tower
24:28 Guard Tower
24:30 Scout Tower
24:31 Scout Tower
24:34 Scout Tower
24:35 Scout Tower
24:39 Arcane Tower
24:44 Scout Tower
24:46 Scout Tower
24:49 Scout Tower
25:09 Gryphon Aviary
25:16 Blacksmith
25:29 Guard Tower
25:37 Scout Tower
25:39 Guard Tower
25:40 Scout Tower
26:38 Arcane Tower
26:41 Scout Tower
26:42 Scout Tower
26:43 Scout Tower
26:43 Scout Tower
26:54 Guard Tower
26:58 Scout Tower
26:59 Scout Tower
27:00 Guard Tower
27:09 Guard Tower
27:14 Scout Tower
27:15 Scout Tower
27:50 Arcane Tower
27:51 Guard Tower
27:54 Scout Tower
28:07 Scout Tower
28:08 Scout Tower
28:09 Scout Tower
28:26 Guard Tower
28:30 Scout Tower
28:42 Guard Tower
28:43 Scout Tower
28:44 Scout Tower
28:48 Scout Tower
28:53 Guard Tower
28:54 Scout Tower
28:57 Scout Tower
28:58 Scout Tower
29:01 Guard Tower
29:09 Arcane Tower
29:13 Scout Tower
29:35 Guard Tower
29:56 Guard Tower
30:01 Town Hall
30:05 Scout Tower
30:06 Scout Tower
30:06 Scout Tower
30:07 Scout Tower
30:09 Scout Tower
30:10 Scout Tower
30:11 Scout Tower
30:13 Scout Tower
30:14 Scout Tower
30:15 Scout Tower
30:18 Scout Tower
30:20 Scout Tower
30:21 Scout Tower
30:21 Scout Tower
30:22 Scout Tower
30:22 Scout Tower
30:23 Scout Tower
30:24 Scout Tower
30:25 Scout Tower
30:29 Scout Tower
30:30 Scout Tower
30:32 Scout Tower
30:32 Scout Tower
30:35 Guard Tower
30:37 Scout Tower
30:38 Scout Tower
30:51 Scout Tower
31:03 Guard Tower
31:16 Guard Tower
31:18 Scout Tower
31:20 Scout Tower
31:21 Scout Tower
31:47 Guard Tower
32:15 Scout Tower
32:18 Guard Tower
33:09 Guard Tower
33:32 Guard Tower
34:00 Guard Tower
34:08 Scout Tower
34:09 Scout Tower
34:17 Scout Tower
34:35 Scout Tower
34:36 Scout Tower
35:20 Guard Tower
35:21 Scout Tower
35:22 Scout Tower
35:23 Scout Tower
35:24 Scout Tower
35:45 Guard Tower
35:48 Scout Tower
35:51 Scout Tower
35:53 Arcane Tower
35:56 Scout Tower
35:59 Guard Tower
36:03 Scout Tower
36:21 Guard Tower
36:26 Scout Tower
36:30 Guard Tower
36:32 Scout Tower
36:35 Scout Tower
36:36 Scout Tower
36:38 Scout Tower
36:40 Scout Tower
36:41 Scout Tower
37:08 Guard Tower
37:11 Scout Tower
37:11 Scout Tower
37:15 Scout Tower
37:16 Scout Tower
37:17 Scout Tower
37:17 Scout Tower
37:20 Scout Tower
37:21 Scout Tower
37:22 Guard Tower
37:25 Scout Tower
37:27 Scout Tower
37:28 Scout Tower
37:29 Scout Tower
37:32 Arcane Tower
37:57 Guard Tower
38:02 Scout Tower
38:03 Scout Tower
38:07 Guard Tower
38:53 Guard Tower
38:55 Guard Tower
39:10 Guard Tower
» items
| Orb of Lightning | 3 | |
| Staff of Sanctuary | 3 | |
| Scroll of Town Portal | 3 | |
| Healing Salve | 1 | |
10 total
norfriend (
green | 123 APM | 5520 actions | 44:46)
8 Blademaster
3 Wind Walk
3 Critical Strike
1 Bladestorm
1 Mirror Image
» actions
| Assign group hotkey | 14 | |
| Basic commands | 33 | |
| Build / train | 67 | |
| Enter build submenu | 70 | |
| Enter hero's abilities submenu | 8 | |
| Give item / drop item | 7 | |
| Remove unit from queue | 6 | |
| Right click | 4111 | |
| Select / deselect | 300 | |
| Select group hotkey | 605 | |
| Use ability | 299 | |
5520 total
» units
» upgrades
| Ranged Weapons | 3 | |
| Spiked Barricades | 3 | |
| Liquid Fire | 1 | |
| Armor | 1 | |
8 total
» buildings
| Altar of Storms | 1 | |
| Orc Burrow | 4 | |
| War Mill | 1 | |
| Voodoo Lounge | 4 | |
| Watch Tower | 94 | |
| Stronghold | 4 | |
| Beastiary | 2 | |
| Fortress | 1 | |
| Great Hall | 2 | |
113 total
» build order
00:07 Altar of Storms
00:19 Orc Burrow
00:34 War Mill
01:02 Voodoo Lounge
01:57 Watch Tower
02:17 Watch Tower
02:46 Watch Tower
03:11 Watch Tower
03:18 Orc Burrow
03:29 Watch Tower
04:07 Watch Tower
04:42 Watch Tower
04:53 Watch Tower
04:56 Watch Tower
05:27 Watch Tower
05:58 Watch Tower
06:00 Stronghold
06:00 Stronghold
06:01 Stronghold
06:31 Watch Tower
06:31 Watch Tower
06:33 Watch Tower
08:24 Beastiary
08:24 Beastiary
09:23 Fortress
09:26 Orc Burrow
09:27 Orc Burrow
09:37 Watch Tower
09:39 Watch Tower
10:14 Watch Tower
10:15 Watch Tower
11:53 Watch Tower
12:04 Watch Tower
12:06 Watch Tower
12:06 Watch Tower
12:07 Watch Tower
12:08 Watch Tower
12:08 Watch Tower
12:09 Watch Tower
12:39 Voodoo Lounge
13:09 Watch Tower
13:46 Watch Tower
13:48 Watch Tower
14:17 Watch Tower
14:49 Voodoo Lounge
14:52 Voodoo Lounge
14:58 Watch Tower
14:59 Watch Tower
14:59 Watch Tower
15:01 Watch Tower
16:02 Watch Tower
16:28 Great Hall
16:33 Watch Tower
16:33 Watch Tower
16:36 Watch Tower
16:36 Watch Tower
17:53 Watch Tower
17:54 Watch Tower
17:54 Watch Tower
17:55 Watch Tower
18:04 Watch Tower
18:06 Watch Tower
18:07 Watch Tower
19:01 Great Hall
19:12 Watch Tower
19:19 Watch Tower
19:20 Watch Tower
19:20 Watch Tower
19:20 Watch Tower
19:21 Watch Tower
19:22 Watch Tower
19:26 Watch Tower
19:27 Watch Tower
19:28 Watch Tower
19:57 Watch Tower
21:37 Watch Tower
21:37 Watch Tower
22:16 Watch Tower
22:16 Watch Tower
22:17 Watch Tower
22:17 Watch Tower
24:43 Watch Tower
24:44 Watch Tower
24:45 Watch Tower
24:45 Watch Tower
24:46 Watch Tower
24:46 Watch Tower
24:47 Watch Tower
24:47 Watch Tower
24:48 Watch Tower
24:49 Watch Tower
24:54 Watch Tower
27:08 Watch Tower
27:08 Watch Tower
27:09 Watch Tower
27:10 Watch Tower
27:10 Watch Tower
27:11 Watch Tower
28:06 Watch Tower
28:52 Watch Tower
28:53 Watch Tower
28:56 Watch Tower
28:56 Watch Tower
28:57 Watch Tower
28:58 Watch Tower
29:52 Watch Tower
29:52 Watch Tower
29:52 Watch Tower
29:53 Watch Tower
29:54 Watch Tower
29:54 Watch Tower
34:40 Watch Tower
» items
| Healing Salve | 3 | |
| Lesser Clarity Potion | 5 | |
| Orb of Lightning | 1 | |
9 total
nutsonyochin.de (
blue | 94 APM | 4220 actions | 44:45)
8 Warden
3 Shadow Strike
3 Blink
1 Spirit of Vengeance
1 Fan of Knives
» actions
| Assign group hotkey | 15 | |
| Basic commands | 75 | |
| Build / train | 80 | |
| ESC pressed | 4 | |
| Enter build submenu | 42 | |
| Enter hero's abilities submenu | 8 | |
| Give item / drop item | 3 | |
| Right click | 2885 | |
| Select / deselect | 305 | |
| Select group hotkey | 435 | |
| Use ability | 368 | |
4220 total
» units
» upgrades
| Nature's Blessing | 1 | |
| Well Spring | 1 | |
| Ultravision | 1 | |
| Strength of the Wild | 3 | |
| Corrosive Breath | 1 | |
| Reinforced Hides | 1 | |
8 total
» buildings
| Altar of Elders | 1 | |
| Moon Well | 31 | |
| Tree of Ages | 1 | |
| Tree of Eternity | 3 | |
| Hunter's Hall | 1 | |
| Ancient of Wonders | 1 | |
| Tree of Life | 2 | |
| Ancient of Wind | 1 | |
| Chimaera Roost | 9 | |
50 total
» build order
00:11 Altar of Elders
00:12 Moon Well
02:41 Moon Well
03:50 Moon Well
05:24 Tree of Ages
08:58 Moon Well
09:58 Tree of Eternity
09:59 Tree of Eternity
11:30 Hunter's Hall
12:04 Ancient of Wonders
13:48 Tree of Life
14:54 Moon Well
14:54 Moon Well
14:58 Moon Well
14:59 Moon Well
15:00 Moon Well
15:01 Moon Well
15:02 Moon Well
15:03 Moon Well
16:37 Moon Well
16:39 Moon Well
18:35 Moon Well
18:37 Moon Well
20:09 Moon Well
20:12 Moon Well
21:23 Moon Well
21:24 Moon Well
21:24 Moon Well
21:25 Moon Well
22:43 Moon Well
22:43 Moon Well
22:51 Moon Well
22:51 Moon Well
22:52 Moon Well
24:43 Tree of Life
25:24 Moon Well
25:25 Moon Well
25:25 Moon Well
25:26 Moon Well
38:33 Ancient of Wind
39:55 Chimaera Roost
39:55 Chimaera Roost
39:56 Chimaera Roost
39:57 Chimaera Roost
40:02 Chimaera Roost
40:02 Chimaera Roost
40:03 Chimaera Roost
40:04 Chimaera Roost
41:25 Chimaera Roost
» items
| Healing Salve | 1 | |
| Lesser Clarity Potion | 2 | |
| Scroll of Speed | 1 | |
| Orb of Venom | 1 | |
5 total
team 2 (loser)
bythegreatwinds (
red | 49 APM | 1858 actions | 38:10)
5 Mountain King
3 Storm Bolt
2 Bash
4 Paladin
2 Holy Light
2 Divine Shield
» actions
| Assign group hotkey | 33 | |
| Basic commands | 2 | |
| Build / train | 61 | |
| Enter build submenu | 20 | |
| Enter hero's abilities submenu | 9 | |
| Remove unit from queue | 3 | |
| Right click | 1240 | |
| Select / deselect | 357 | |
| Select group hotkey | 60 | |
| Use ability | 73 | |
1858 total
» units
| Peasant | 9 | |
| Footman | 13 | |
| Knight | 10 | |
32 total
» upgrades
| Defend | 1 | |
| Animal War Training | 1 | |
| Plating | 3 | |
| Swords | 2 | |
7 total
» buildings
| Barracks | 2 | |
| Farm | 12 | |
| Altar of Kings | 1 | |
| Arcane Vault | 1 | |
| Keep | 1 | |
| Castle | 1 | |
| Lumber Mill | 1 | |
| Blacksmith | 1 | |
| Town Hall | 2 | |
22 total
» build order
00:19 Barracks
00:35 Farm
00:49 Altar of Kings
01:08 Farm
01:41 Arcane Vault
02:05 Farm
02:28 Barracks
02:42 Farm
04:38 Farm
05:13 Farm
05:35 Keep
05:53 Farm
07:48 Farm
09:20 Castle
09:22 Lumber Mill
09:54 Farm
11:20 Blacksmith
11:41 Farm
12:08 Farm
15:07 Farm
22:01 Town Hall
24:49 Town Hall
» items
| Scroll of Regeneration | 3 | |
| Lesser Clarity Potion | 1 | |
| Potion of Healing | 2 | |
| Potion of Mana | 2 | |
8 total
fridjof-poika (
orange | 49 APM | 2209 actions | 44:46)
4 Mountain King
2 Storm Bolt
2 Bash
» actions
| Assign group hotkey | 231 | |
| Basic commands | 17 | |
| Build / train | 74 | |
| Enter build submenu | 31 | |
| Enter hero's abilities submenu | 4 | |
| Remove unit from queue | 1 | |
| Right click | 953 | |
| Select / deselect | 392 | |
| Select group hotkey | 399 | |
| Use ability | 107 | |
2209 total
» units
| Peasant | 12 | |
| Footman | 16 | |
| Mortar Team | 10 | |
38 total
» upgrades
» buildings
| Barracks | 2 | |
| Farm | 14 | |
| Altar of Kings | 1 | |
| Arcane Vault | 1 | |
| Keep | 2 | |
| Blacksmith | 1 | |
| Workshop | 3 | |
| Scout Tower | 6 | |
| Arcane Tower | 9 | |
| Castle | 3 | |
| Town Hall | 2 | |
44 total
» build order
00:21 Barracks
00:35 Farm
00:50 Altar of Kings
01:08 Farm
01:44 Arcane Vault
01:56 Farm
03:03 Farm
05:16 Keep
05:19 Barracks
05:22 Farm
09:16 Blacksmith
11:31 Workshop
11:33 Workshop
11:34 Workshop
11:41 Scout Tower
11:47 Scout Tower
12:16 Arcane Tower
12:16 Arcane Tower
12:16 Arcane Tower
12:38 Farm
12:40 Farm
12:41 Farm
14:42 Farm
14:43 Farm
14:46 Farm
14:46 Farm
17:02 Farm
17:03 Farm
23:01 Castle
23:01 Castle
23:26 Scout Tower
23:27 Scout Tower
23:27 Scout Tower
23:28 Scout Tower
24:58 Arcane Tower
24:58 Arcane Tower
24:59 Arcane Tower
27:41 Town Hall
33:53 Town Hall
» items
| Scroll of Regeneration | 2 | |
| Lesser Clarity Potion | 4 | |
| Potion of Mana | 1 | |
| Potion of Healing | 2 | |
9 total
nuubialainen (
pink | 51 APM | 1936 actions | 38:12)
5 Mountain King
3 Storm Bolt
2 Bash
3 Paladin
2 Holy Light
1 Divine Shield
» actions
| Assign group hotkey | 25 | |
| Build / train | 127 | |
| Enter build submenu | 39 | |
| Enter hero's abilities submenu | 8 | |
| Give item / drop item | 2 | |
| Remove unit from queue | 3 | |
| Right click | 975 | |
| Select / deselect | 475 | |
| Select group hotkey | 182 | |
| Use ability | 100 | |
1936 total
» units
| Peasant | 27 | |
| Footman | 15 | |
| Gryphon Rider | 9 | |
| Siege Engine | 13 | |
| Dragonhawk Rider | 2 | |
| Rifleman | 2 | |
68 total
» upgrades
| Defend | 1 | |
| Swords | 3 | |
| Lumber Harvesting | 1 | |
| Storm Hammers | 1 | |
| Animal War Training | 1 | |
| Masonry | 3 | |
| Armor | 1 | |
| Magic Sentry | 1 | |
| Plating | 3 | |
| Barrage | 1 | |
| Cloud | 1 | |
| Gunpowder | 3 | |
| Long Rifles | 1 | |
21 total
» buildings
| Barracks | 2 | |
| Farm | 10 | |
| Altar of Kings | 2 | |
| Arcane Vault | 1 | |
| Scout Tower | 21 | |
| Arcane Tower | 2 | |
| Keep | 1 | |
| Blacksmith | 1 | |
| Castle | 1 | |
| Lumber Mill | 3 | |
| Gryphon Aviary | 3 | |
| Town Hall | 3 | |
| Guard Tower | 8 | |
| Arcane Sanctum | 1 | |
| Workshop | 2 | |
61 total
» build order
00:27 Barracks
00:39 Farm
00:50 Farm
00:56 Altar of Kings
01:00 Altar of Kings
02:00 Arcane Vault
02:18 Farm
02:29 Scout Tower
03:08 Arcane Tower
04:08 Farm
05:22 Barracks
06:08 Scout Tower
07:39 Keep
08:27 Arcane Tower
08:31 Blacksmith
10:26 Castle
10:30 Farm
10:35 Farm
12:53 Lumber Mill
13:02 Lumber Mill
13:47 Gryphon Aviary
13:48 Gryphon Aviary
13:55 Gryphon Aviary
14:31 Farm
14:35 Farm
16:41 Town Hall
19:03 Scout Tower
19:04 Scout Tower
19:06 Scout Tower
21:38 Guard Tower
23:00 Arcane Sanctum
24:38 Workshop
24:40 Workshop
25:08 Town Hall
26:11 Scout Tower
26:12 Scout Tower
26:14 Scout Tower
26:39 Guard Tower
26:51 Farm
26:52 Farm
26:56 Scout Tower
27:00 Scout Tower
27:28 Guard Tower
27:33 Guard Tower
28:19 Guard Tower
30:37 Scout Tower
30:38 Scout Tower
30:40 Scout Tower
30:41 Scout Tower
31:32 Guard Tower
34:41 Town Hall
34:44 Guard Tower
34:48 Lumber Mill
36:54 Scout Tower
36:55 Scout Tower
36:57 Scout Tower
36:58 Scout Tower
36:58 Scout Tower
37:14 Scout Tower
37:16 Scout Tower
37:22 Guard Tower
37:45 Guard Tower
» items
| Lesser Clarity Potion | 3 | |
| Scroll of Regeneration | 2 | |
| Potion of Mana | 2 | |
| Potion of Healing | 2 | |
| Scroll of Town Portal | 1 | |
| Orb of Fire | 1 | |
11 total
Chat log
(34:47 / All) norfriend: hi guys
(34:53 / All) norfriend: where are you from?
(35:01 / All) fridjof-poika: ger
(35:12 / All) nuubialainen: U fight like girls
(35:19 / All) nutsonyochin.de: I AM A GIRL!!
(35:38 / All) nuubialainen: dont fool yourselves
(35:47 / All) norfriend: hmm?? i dont get it please
(38:12 / All) nutsonyochin.de: cya
(38:14 / All) iggy_the_fisk: did you lose
(38:16 / All) norfriend: girl power
(44:39 / All) norfriend: https://highper.ch